Map: 宿怨战场-天梯版

Players

DnS - Winner!

  • Race: Protoss Protoss

SortOf

  • Race: Zerg Zerg

Event: WESG 2018 Grand Finals

VOD

Have the link to the VOD?

Description

Time

  • Played on: March 13, 2019, 4:36 a.m.
  • Length: 8:01

All games in this series

Show
View Real Time Build Order
Export as new Build Order

DnS Protoss - Winner!

Build Orders: Oracle Opening, Zealot Archon, Archon Drop 

Get SALT Encoding   

  12  0:00  Probe  
  13  0:12  Probe  
  14  0:19  Pylon  
  14  0:24  Probe  
  15  0:33  Probe  
  15  0:40  Gateway  
  15  0:41  Probe  
  17  0:51  Probe, Assimilator  
  18  1:03  Probe  
  19  1:15  Probe  
  20  1:18  Zealot  
  20  1:26  Gateway  
  20  1:30  Cybernetics Core  
  22  1:36  Pylon  
  22  1:39  Probe  
  23  1:54  Probe  
  24  2:06  Adept, Probe  
  27  2:13  Adept  
  29  2:31  Nexus  
  29  2:34  Probe  
  30  2:38  Assimilator  
  30  2:42  Warp Gate  
  30  2:50  Pylon  
  30  2:51  Probe  
  31  3:08  Probe  
  31  3:12  Stargate  
  32  3:17  Probe  
  30  3:23  Adept  
  30  3:25  Probe  
  31  3:28  Shield Battery  
  32  3:34  Probe  
  32  3:39  Probe  
  32  3:40  Stalker  
  35  3:45  Oracle  
  35  3:47  Probe x2  
  41  3:57  Probe  
  41  3:59  Probe  
  43  4:06  Pylon  
  43  4:08  Assimilator  
  43  4:09  Probe  
  44  4:11  Probe  
  44  4:12  Oracle  
  45  4:21  Probe  
  45  4:23  Probe  
  45  4:24  Assimilator  
  50  4:33  Probe  
  50  4:36  Probe  
  52  4:38  Pylon, Robotics Facility  
  52  4:45  Probe  
  52  4:48  Probe  
  54  4:53  Twilight Council  
  54  4:57  Probe  
  55  5:01  Probe  
  55  5:04  Gateway x2  
  56  5:09  Charge  
  56  5:11  Gateway x2  
  56  5:12  Probe  
  57  5:16  Warp Prism  
  57  5:22  Zealot x2  
  63  5:34  Templar Archives  
  63  5:41  Pylon  
  63  5:54  Nexus  
  63  6:02  Zealot x2  
  67  6:05  Pylon  
  67  6:09  Probe x2  
  69  6:15  High Templar x2  
  69  6:16  High Templar x2  
  77  6:19  Archon  
  77  6:20  Archon  
  77  6:24  Probe x2  
  79  6:26  Pylon  
  79  6:33  Observer  
  79  6:36  Probe x2  
  82  6:45  Pylon  
  82  6:48  Zealot x5, Probe  
  82  6:50  Probe  
  94  7:03  Probe x2  
  94  7:09  Warp Prism  
  94  7:14  Probe  
  87  7:15  Probe  
  87  7:16  Probe  
  87  7:19  Zealot x6  
  103  7:26  Probe  
  103  7:27  Probe  
  103  7:28  Forge  
  103  7:30  Probe  
  98  7:38  Probe  
  98  7:43  Zealot x6  
Show
View Real Time Build Order
Export as new Build Order

SortOf Zerg 

Build Orders: Pool First 

Get SALT Encoding   

  12  0:00  Drone  
  13  0:14  Overlord  
  13  0:17  Drone  
  14  0:32  Drone  
  14  0:33  Drone  
  16  0:47  Drone x2  
  18  0:51  Spawning Pool  
  17  0:58  Drone  
  18  1:07  Extractor  
  18  1:09  Drone  
  18  1:20  Hatchery  
  18  1:25  Drone  
  18  1:44  Hatchery  
  17  1:48  Zergling x2  
  18  1:56  Queen  
  18  2:00  Drone  
  21  2:07  Overlord, Evolution Chamber  
  21  2:10  Zergling x2  
  23  2:18  Metabolic Boost  
  23  2:34  Queen  
  23  2:36  Drone x2  
  27  2:47  Zergling x2  
  28  2:53  Zergling x2  
  28  2:57  Queen, Hatchery  
  30  3:02  Drone  
  32  3:05  Drone  
  32  3:08  Drone  
  31  3:21  Drone x2  
  31  3:22  Drone  
  31  3:24  Drone  
  34  3:31  Overlord  
  34  3:33  Drone  
  35  3:40  Drone  
  36  3:46  Overlord  
  36  3:51  Drone x4  
  40  3:57  Drone x3  
  40  4:02  Drone  
  44  4:04  Spore Crawler  
  44  4:07  Spore Crawler  
  44  4:09  Drone x2  
  44  4:14  Queen  
  46  4:21  Overlord  
  46  4:23  Drone  
  47  4:24  Drone x2  
  47  4:27  Drone x2  
  47  4:29  Evolution Chamber  
  50  4:32  Spore Crawler  
  49  4:39  Drone  
  50  4:48  Drone x8  
  58  4:53  Spore Crawler  
  58  4:55  Drone  
  58  5:04  Overlord  
  58  5:05  Overlord  
  58  5:06  Zerg Melee Weapons Level 1  
  58  5:10  Overlord  
  58  5:16  Overlord  
  58  5:19  Lair  
  57  5:21  Queen x2  
  57  5:24  Drone x3  
  57  5:25  Drone  
  65  5:32  Spine Crawler  
  65  5:33  Zergling x8  
  69  5:35  Drone x2  
  69  5:36  Drone  
  69  5:40  Zergling x6  
  74  5:43  Drone, Extractor  
  74  5:46  Drone  
  74  5:49  Spore Crawler  
  73  5:50  Drone x2  
  73  5:54  Drone x4  
  79  5:59  Baneling Nest  
  79  6:02  Drone x3  
  80  6:05  Drone x2, Extractor  
  80  6:06  Extractor  
  80  6:08  Drone x3  
  83  6:16  Overlord  
  82  6:19  Queen  
  84  6:28  Zergling x12  
  84  6:29  Hydralisk Den  
  84  6:31  Overseer  
  89  6:34  Queen  
  89  6:36  Overlord  
  91  6:40  Drone x7  
  91  6:41  Extractor  
  91  6:43  Extractor  
  96  6:51  Baneling x4  
  96  6:55  Drone x2  
  96  6:56  Overlord, Hatchery  
  96  7:07  Zergling x14  
  97  7:13  Zergling x12  
  86  7:20  Zergling x6  
  89  7:27  Zergling x2  
  89  7:28  Hydralisk  
  89  7:29  Zergling x4  
  87  7:39  Zergling x6  
Tags
 
Add a new tag
Caveats
  • Supply blocks, unpowered buildings, or Contaminate may cause inaccurate times.
  • Supply counts are checked every 10 seconds.